AoeStats
← Bor-Komorov

MegaRandom

509196955Analyzed
4v4 RM · 7d ago on Sep 25, 2026· 74m 59s· 8 players
Game mode
Random Map
Map size
Large (8 player)
Population
200
Speed
Normal
Resources
Standard
Victory
Conquest
Starting age
Dark Age
Ending age
Imperial Age
RankedLock teamsTeams togetherTeam positionsShared explorationLock speedFull tech treeHidden civsTurbo modeCheats
Victory
Defeat
🇬🇧 Byzantines · United Kingdom
1172
+17
🇬🇧 Inca · United Kingdom
1163
+17
🇬🇧 Huns · United Kingdom
1160
+17
🇬🇧 Franks · United Kingdom
1160
+17
🇮🇪 Romans · Ireland
1246
-19
🇨🇿 Dravidians · Czechia
1186
-17
🇨🇴 Hindustanis · Colombia
1163
-16
🇨🇴 Mongols · Colombia
1154
-16
orangepocalypse
12:46 Feudal Age
12:39 Loom
17:07 Castle Age
15:48 Double-Bit Axe
16:09 Horse Collar
18:27 Fletching
19:00 Bow Saw
20:53 Heavy Plow
21:41 Wheelbarrow
24:27 Padded Archer Armor
26:26 Thumb Ring
27:11 Hand Cart
27:10 Town Watch
28:42 Bodkin Arrow
32:35 Imperial Age
32:49 Leather Archer Armor
33:28 Ballistics
34:01 Elite Elephant Archer
35:57 Bracer
36:32 Medical Corps
36:45 Caravan
38:32 Ring Archer Armor
39:43 Chemistry
38:54 Masonry
42:24 Guard Tower
42:30 Murder Holes
42:22 Arrowslits
46:15 Keep
48:18 Forging
48:08 Scale Mail Armor
47:58 Pikeman
48:38 Squires
49:54 Halberdier
50:59 Chain Mail Armor
51:19 Iron Casting
53:39 Plate Mail Armor
56:30 Two-Man Saw
57:14 Blast Furnace
57:47 Elite Skirmisher
65:18 Elite Skirmisher
Blind Archer
9:46 Loom
11:51 Feudal Age
18:46 Castle Age
17:13 Double-Bit Axe
17:23 Fletching
19:22 Wheelbarrow
18:55 Horse Collar
19:49 Bow Saw
25:53 Ballistics
28:49 Bodkin Arrow
29:02 Guard Tower
35:13 Imperial Age
37:49 Caravan
37:29 Heavy Scorpion
38:53 Gold Mining
38:54 Stone Mining
39:22 Hand Cart
40:36 Capped Ram
41:28 Pikeman
42:09 Squires
42:21 Forging
42:12 Scale Mail Armor
43:36 Chemistry
42:42 Siege Engineers
43:03 Halberdier
43:19 Siege Ram
45:32 Chain Mail Armor
45:52 Iron Casting
46:29 Man-at-Arms
47:13 Long Swordsman
48:55 Blast Furnace
48:04 Legionary
50:33 Onager
54:56 Bloodlines
54:46 Husbandry
54:07 Cavalier
55:07 Scale Barding Armor
55:46 Conscription
56:11 Light Cavalry
61:30 Conscription
61:34 Comitatenses
61:22 Ballistas
62:14 Chain Barding Armor
Bor-Komorov
10:37 Feudal Age
8:53 Loom
22:05 Castle Age
20:47 Gold Mining
20:43 Double-Bit Axe
22:12 Fletching
22:36 Bloodlines
24:18 Husbandry
24:48 Bodkin Arrow
33:20 Scale Barding Armor
33:19 Padded Archer Armor
42:12 Imperial Age
40:49 Leather Archer Armor
41:00 Ballistics
42:58 Bracer
44:04 Chemistry
43:04 Elite Mangudai
44:05 Conscription
45:28 Caravan
45:01 Light Cavalry
60:18 Bow Saw
61:50 Thumb Ring
73:30 Wheelbarrow
Volk
9:49 Loom
11:34 Feudal Age
13:23 Double-Bit Axe
15:52 Castle Age
14:44 Horse Collar
16:57 Bow Saw
20:55 Fletching
21:52 Town Watch
25:24 Fervor
25:18 Stone Mining
25:18 Gold Mining
26:05 Fervor
26:11 Fervor
26:28 Heavy Plow
27:15 Wheelbarrow
27:47 Gold Shaft Mining
27:47 Stone Shaft Mining
29:37 Hand Cart
33:30 Imperial Age
31:04 Elite Skirmisher
32:00 Bodkin Arrow
32:06 Padded Archer Armor
34:00 Masonry
33:45 Murder Holes
34:33 Conscription
35:29 Chemistry
34:49 Ballistics
35:29 Chemistry
34:49 Ballistics
36:07 Leather Archer Armor
36:34 Bracer
36:43 Siege Engineers
38:19 Hoardings
37:53 Scale Mail Armor
38:04 Forging
38:25 Ring Archer Armor
40:06 Crossbowman
40:52 Thumb Ring
41:57 Iron Casting
41:37 Chain Mail Armor
41:28 Scale Barding Armor
41:44 Husbandry
41:54 Bloodlines
41:06 Heavy Camel Rider
44:50 Blast Furnace
43:35 Imperial Camel Rider
44:40 Light Cavalry
48:50 Hussar
Matt
9:35 Loom
11:42 Feudal Age
17:20 Castle Age
16:42 Double-Bit Axe
22:13 Husbandry
22:22 Scale Barding Armor
22:28 Forging
26:49 Fervor
27:16 Gold Mining
27:19 Stone Mining
29:37 Wheelbarrow
33:14 Chain Barding Armor
33:30 Iron Casting
38:10 Coinage
40:38 Imperial Age
38:28 Hand Cart
40:47 Cavalier
42:06 Plate Barding Armor
42:32 Blast Furnace
43:38 Paladin
49:24 Gold Shaft Mining
50:43 Fletching
51:19 Ballistics
51:59 Chemistry
51:10 Masonry
51:50 Bow Saw
53:25 Town Watch
54:23 Conscription
57:29 Architecture
57:05 Siege Engineers
63:16 Caravan
63:48 Banking
65:22 Chivalry
67:57 Light Cavalry
Los ewok
8:52 Loom
11:03 Feudal Age
16:19 Castle Age
14:20 Double-Bit Axe
17:15 Fletching
17:34 Crossbowman
18:17 Horse Collar
20:02 Elite Skirmisher
24:32 Padded Archer Armor
25:44 Bodkin Arrow
26:17 Heavy Plow
27:15 Bow Saw
29:25 Ballistics
30:02 Thumb Ring
30:12 Thumb Ring
34:32 Imperial Age
32:42 Wheelbarrow
33:22 Gold Mining
33:26 Stone Mining
33:25 Town Watch
34:40 Leather Archer Armor
35:35 Hand Cart
35:32 Arbalester
36:13 Bracer
38:33 Chemistry
37:39 Siege Engineers
39:00 Ring Archer Armor
41:24 Conscription
41:06 Fabric Shields
41:10 Andean Sling
44:54 Masonry
46:05 Coinage
45:37 Caravan
45:13 Onager
57:33 Capped Ram
58:15 Treadmill Crane
58:40 Siege Ram
60:28 Hoardings
59:55 Scale Mail Armor
61:43 Chain Mail Armor
61:39 Forging
63:18 Plate Mail Armor
62:13 Elite Kamayuk
65:29 Iron Casting
68:23 Murder Holes
71:46 Gold Shaft Mining
71:46 Stone Shaft Mining
71:42 Crop Rotation
0118999881999119725-3
11:28 Feudal Age
15:51 Castle Age
13:58 Loom
19:15 Double-Bit Axe
19:13 Horse Collar
20:01 Fletching
22:38 Bodkin Arrow
23:52 Stone Mining
23:55 Gold Mining
24:22 Padded Archer Armor
27:44 Leather Archer Armor
28:24 Bow Saw
30:06 Gold Shaft Mining
30:11 Wheelbarrow
30:47 Bloodlines
30:37 Husbandry
30:46 Thumb Ring
33:31 Ballistics
40:25 Imperial Age
39:05 Scale Barding Armor
39:10 Forging
40:28 Chain Barding Armor
40:28 Cavalier
41:28 Bracer
41:00 Heavy Cavalry Archer
42:38 Conscription
43:18 Parthian Tactics
45:01 Plate Barding Armor
45:02 Iron Casting
45:54 Hand Cart
49:08 Atheism
49:33 Caravan
51:24 Light Cavalry
53:33 Two-Man Saw
52:41 Heavy Plow
54:22 Hussar
63:35 Chemistry
69:50 Paladin
A_Potato_Peeler
3:02 Loom
11:15 Feudal Age
9:31 Loom
17:01 Castle Age
16:44 Fletching
16:42 Double-Bit Axe
17:33 Crossbowman
24:10 Ballistics
24:10 Bodkin Arrow
28:19 Bow Saw
27:55 Horse Collar
29:21 Heavy Plow
29:16 Gold Mining
29:06 Elite Skirmisher
33:26 Wheelbarrow
33:17 Fortified Wall
33:33 Padded Archer Armor
34:54 Hand Cart
35:53 Leather Archer Armor
36:13 Thumb Ring
37:16 Husbandry
37:25 Scale Barding Armor
39:56 Imperial Age
38:37 Chain Barding Armor
38:57 Caravan
40:04 Forging
40:16 Cavalier
42:18 Conscription
43:01 Heavy Camel Rider
45:49 Gambesons
46:06 Scale Mail Armor
47:41 Light Cavalry
49:13 Elite Varangian Guard
49:54 Squires
49:40 Arson
50:31 Chain Mail Armor
53:54 Hussar
57:02 Iron Casting
65:14 Plate Mail Armor
70:19 Plate Barding Armor
73:47 Crop Rotation
74:19 Two-Man Saw
Connection lost

Rejoining the realm…

Still unreachable

The connection could not be restored.

Session expired

The server has moved on; the page needs a fresh start.